 Dungeon Crawl Stone Soup version 0.32-a0-12-g7fc57aa741 (webtiles) character file.

Game seed: 13532807125742686824

142 Zonian the Vexing (level 5, -2/24 HPs)
             Began as a Felid Enchanter on Jan 14, 2024.
             Slain by an orc
             ... wielding a +0 short sword
              (4 damage)
             ... on level 3 of the Dungeon.
             The game lasted 00:13:47 (4365 turns).

Zonian the Vexing (Felid Enchanter)                 Turns: 4365, Time: 00:13:48

Health: -2/24      AC:  1    Str:  4    XL:     5   Next: 4%
Magic:  5/10       EV: 18    Int: 20    God:
Gold:   29         SH:  0    Dex: 17    Spells: 1/9 levels left
                                        Lives:  0   Deaths: 2

rFire   . .          .
                       - Unarmed
rCold   . . .        (shield unavailable)
rNeg    . . .        (body armour unavailable)
rPois   .            (helmet unavailable)
rElec   .            (cloak unavailable)
rCorr   .            (gloves unavailable)
SInv    +            (boots unavailable)
Will    .....        (no amulet)
Stlth   +++          (no ring)
HPRegen 0.24/turn    (no ring)
MPRegen 0.12/turn

%: no passive effects
@: confusing by touch
A: very small, claws 1, fangs 3, see invisible, shaggy fur 1, stealthy paws, no
weapons or thrown items, no armour, multi-lived
a: no special abilities


You were on level 3 of the Dungeon.
You visited 1 branch of the dungeon, and saw 3 of its levels.

You collected 111 gold pieces.
You spent 82 gold pieces at shops.


Innate Abilities, Weirdness & Mutations

You have sharp claws.
You have razor-sharp teeth.
You have supernaturally acute eyesight. (SInv)
You are covered in fur. (AC +1)
Your paws help you pounce on unaware monsters.
You are incapable of wielding weapons or throwing items.
You cannot wear armour.
You gain extra lives every three experience levels.


   Skills:
 + Level 3.9 Dodging
 + Level 5.1 Stealth
 + Level 2.2 Unarmed Combat
 + Level 2.6 Spellcasting
 + Level 0.6 Conjurations
 + Level 5.2 Hexes
 + Level 0.0 Ice Magic


You had one spell level left.
You knew the following spells:

 Your Spells              Type           Power      Damage    Failure   Level
a - Confusing Touch       Hex            23%        N/A       4%          3
b - Dazzling Flash        Conj/Hex       28%        N/A       13%         3
c - Ensorcelled Hibernat  Hex/Ice        26%        N/A       8%          2

Your spell library contained the following spells:

 Spells                   Type           Power      Damage    Failure   Level
 Tukima's Dance           Hex            23%        N/A       4%          3

Inventory:

Scrolls
 b - a scroll of blinking {!r}
 e - a scroll of enchant weapon
Potions
 d - a potion of degeneration {!q@e2}

Dungeon Overview and Level Annotations

Branches:
Dungeon (3/15) Zot: 25611

Altars:
Gozag
Hepliaklqana

Shops:
D:2 ?

Annotations:
D:3 Pargi

####...## #.##### #.###.###..#
##..##.## #.#...####..........#
)...##.# #.#.................#
#......######.#...########.###..#
#..###....[.o.....# #.# #..# #..#
#.######.##..########.###... ...#
#.# ##.##...............#. #.#.
..# #....)T.....###.####..
#......# #..##@#####.# #.# #..
#......# ###..##o# #.# #.# #..
##...(.. ........# #.# #.# ##.
##..... ....>#### #.# #.# ##


#.PPPP PP.. #.# #.# # ... #.# #.# .P .# . . You could see Pargi and an orc.


Message History

Your hp is fully restored (21).
You lost 3 mp, and now have 5/8 mp.
Unknown command.
You barely miss the orc wizard. The orc wizard closely misses you.
Unknown command.
You scratch the orc wizard. Your bite misses the orc wizard.
Unknown command.
You scratch the orc wizard. The orc wizard casts a spell at you.
You resist with some effort.
Unknown command.
You barely miss the orc wizard. The orc wizard barely misses you.
You miss the orc wizard. The orc wizard closely misses you.
Unknown command.
You closely miss the orc wizard. The orc wizard closely misses you.
You scratch the orc wizard. The orc wizard barely misses you.
You catch the helpless orc wizard completely off-guard!
You claw the orc wizard!
You kill the orc wizard!
You have reached level 5! 😎 HP[+3] MP[+1]
You now have 24 max hp (+3).
Your hp is fully restored (24).
Unknown command.
You start memorising the spell.
You continue memorising. x2
You finish memorising.
Spell assigned to 'c'.
Unknown command.
Unknown command.
You flicker for a moment.
You flicker back into view.
Things that are here:
a +0 dagger {short}; a +0 robe; an orc corpse Pargi and an orc come into view. 😎 MP[+4]
Your mp is fully restored (10).
There is a stone staircase leading up here.
Unknown command.
Casting: Dazzling Flash (quite dangerous; 13% risk of failure)
Confirm with . or Enter, or press ? or * to list all spells.
Your paws begin to glow red.
The orc throws a stone.
The stone closely misses you. 😎 MP[-3]
You lost 3 mp, and now have 7/10 mp.
Unknown command.
You closely miss the orc.
The orc hits you with a +0 short sword. 😕 HP[-1]
You take 1 damage, and now have 23/24 hp.
You closely miss the orc. You bite the orc, but do no damage.
The orc barely misses you.
Unknown command.
You scratch the orc but do no damage.
The orc appears confused.
You scratch the orc.
Unknown command.
You scratch the orc. The orc closely misses you. 😎 HP[+1]
Your hp is fully restored (24).
You barely miss the orc. The orc barely misses you.
The orc barely misses itself.
Unknown command.
You scratch the orc. 😎 MP[+1] Unknown command.
You barely miss the orc. You bite the orc. The orc closely misses you.
The orc attacks as it pursues you! The orc misses you.
The orc hits you with a +0 short sword.
There is a stone staircase leading up here. 😕 HP[-2]
You take 2 damage, and now have 22/24 hp.
Unknown command.
You barely miss the orc.
The orc closely misses you. x2; Pargi bites you.
Pargi claws you but does no damage. Pargi closely misses you. 😮 HP[-4]
You take 4 damage, and now have 18/24 hp.
Unknown command.
You scratch the orc.
You kill the orc!
The orc closely misses you. Pargi closely misses you. Pargi claws you.
Pargi closely misses you. 😮 HP[-2]
You take 2 damage, and now have 16/24 hp.
Unknown command.
Casting: Confusing Touch (quite dangerous; 4% risk of failure)
Confirm with . or Enter, or press ? or * to list all spells.
Your paws begin to glow red.
The orc hits you with a +0 short sword. Pargi bites you.
* * * LOW HITPOINT WARNING * * *
Pargi claws you but does no damage. Pargi claws you.
* * * LOW HITPOINT WARNING * * *
😱 HP[-12] MP[-3]
You take 12 damage, and now have 4/24 hp.
MASSIVE DAMAGE!! (PAUSE)
You lost 3 mp, and now have 5/10 mp.
Okay, then.
You scratch Pargi but do no damage. The orc hits you with a +0 short sword.
* * * LOW HITPOINT WARNING * * *
Pargi closely misses you. x2; Pargi misses you. 😱 HP[-2]
You take 2 damage, and now have 2/24 hp.
Unknown command.
You scratch Pargi but do no damage. You bite Pargi.
The orc hits you with a +0 short sword.
You die...

Skill      XL: |  1  2  3  4 |
---------------+-------------+-----
Dodging        | 3 |  3.9
Hexes          | 5 |  5.2
Unarmed Combat | 2 |  2.2
Stealth        | 5 |  5.1
Spellcasting   | |  2.6
Conjurations   | |  0.6

Action                     |  1- 3 |  4- 6 || total
---------------------------+-------+-------++-------
  Melee: Unarmed           |   147 |    85 ||   232
         Bite              |    14 |    11 ||    25
         Punch             |     3 |     2 ||     5
   Cast: Confusing Touch   |     3 |    11 ||    14
         Dazzling Flash    |       |     1 ||     1
    Use: Scroll            |     3 |     1 ||     4
         Potion            |     2 |     3 ||     5
   Stab: Sleeping          |     9 |     7 ||    16
         Confused          |     2 |     2 ||     4
         Invisible         |       |     1 ||     1
 Armour: Skin              |    39 |    25 ||    64
  Dodge: Dodged            |   120 |    59 ||   179

Levels and vault maps discovered:
D:1:      dpeg_arrival_rooms_c, layout_loops_corners,
          chequers_serial_rivers_large_b
D:2:      layout_loops_corners, serial_shops, shop
D:3:      layout_loops_ring, mainiacjoe_overflow_catwalk,
          mainiacjoe_overflow_cross_hatched, nicolae_hepliaklqana_hippocampus,
          uniq_pargi

Notes
Turn   | Place    | Note
-------+----------+-------------------------------------------
     0 | D:1      | Zonian the Felid Enchanter began the quest for the Orb.
     0 | D:1      | Reached XP level 1. HP: 9/9 MP: 4/4
     0 | D:1      | magus.rc [v1.9.6]
   363 | D:1      | HP: 2/9 [hobgoblin (2)]
   370 | D:1      | Slain by a hobgoblin
   370 | D:1      | Lost a life (0 lives remaining)
   379 | D:1      | Reached XP level 2. HP: 9/13 MP: 6/6
   532 | D:1      | Reached skill level 3 in Dodging
  1115 | D:1      | Reached XP level 3. HP: 7/16 MP: 7/7
  1119 | D:1      | Learned a level 3 spell: Confusing Touch
  1871 | D:2      | Reached skill level 5 in Hexes
  1929 | D:2      | Learned a level 3 spell: Dazzling Flash
  2070 | D:2      | Found Nupy's Magic Scroll Emporium.
  2334 | D:2      | Reached XP level 4. HP: 13/21 MP: 4/8
  2334 | D:2      | Gained a life (1 life remaining)
  2940 | D:3      | Noticed Pargi
  3121 | D:2      | Bought a scroll of blinking for 82 gold pieces
  3317 | D:3      | Reached skill level 2 in Unarmed Combat
  3873 | D:3      | Identified the +12 short sword of the Tomato {freeze, rPois
                  | rN+ Will+ Dex+2}
  3919 | D:3      | Killed from afar by an orc wizard
  3919 | D:3      | Lost a life (0 lives remaining)
  3992 | D:3      | Reached skill level 5 in Stealth
  4069 | D:3      | Found an opulent altar of Gozag.
  4192 | D:3      | Found a hazy altar of Hepliaklqana.
  4293 | D:3      | Reached XP level 5. HP: 24/24 MP: 6/10
  4296 | D:3      | Learned a level 2 spell: Ensorcelled Hibernation
  4363 | D:3      | HP: 4/24 [Pargi (4)]
  4365 | D:3      | Slain by an orc

Vanquished Creatures
  An orc wizard (D:3)
  4 adders
  2 ribbon worms (D:2)
  2 dart slugs
  7 orcs (D:3)
  5 bats
  7 endoplasms
  5 giant cockroaches
  3 hobgoblins
  2 jackals (D:1)
  A quokka (D:1)
  10 ball pythons
  2 frilled lizards (D:1)
  5 goblins
  4 kobolds
  3 rats (D:2)
63 creatures vanquished.

Table legend:
 A = Non-vault XP
 B = Vault XP
 C = Vault XP percentage of total XP
 D = Non-vault monster count
 E = Vault monster count
 F = Vault count percentage of total count
                 A         B        C        D         E       F
            +---------+---------+-------+---------+---------+-------
      Total |     204 |       0 |   0.0 |      63 |       0 |   0.0
            +---------+---------+-------+---------+---------+-------
        D:1 |      41 |       0 |   0.0 |      23 |       0 |   0.0
        D:2 |      82 |       0 |   0.0 |      25 |       0 |   0.0
        D:3 |      81 |       0 |   0.0 |      15 |       0 |   0.0
            +---------+---------+-------+---------+---------+-------

Skill      XL: |  1  2  3  4 |
---------------+-------------+-----
Dodging        | 3 |  3.9
Hexes          | 5 |  5.2
Unarmed Combat | 2 |  2.2
Stealth        | 5 |  5.1
Spellcasting   | |  2.6
Conjurations   | |  0.6

Action                     |  1- 3 |  4- 6 || total
---------------------------+-------+-------++-------
  Melee: Unarmed           |   147 |    85 ||   232
         Bite              |    14 |    11 ||    25
         Punch             |     3 |     2 ||     5
   Cast: Confusing Touch   |     3 |    11 ||    14
         Dazzling Flash    |       |     1 ||     1
    Use: Scroll            |     3 |     1 ||     4
         Potion            |     2 |     3 ||     5
   Stab: Sleeping          |     9 |     7 ||    16
         Confused          |     2 |     2 ||     4
         Invisible         |       |     1 ||     1
 Armour: Skin              |    39 |    25 ||    64
  Dodge: Dodged            |   120 |    59 ||   179

Illustrated notes

Table legend:
 A = Kills in this place as a percentage of kills in the entire game.
 B = Kills by you in this place as a percentage of kills by you in the entire game.
 C = Kills by friends in this place as a percentage of kills by friends in the entire game.
 D = Other kills in this place as a percentage of other kills in the entire game.
 E = Experience gained in this place as a percentage of experience gained in the entire game.
 F = Experience gained in this place divided by the number of levels of this place that you have seen.
                   A       B       C       D       E      F
               +-------+-------+-------+-------+-------+----------------------
         Total | 100.0 | 100.0 |   N/A | 100.0 | 100.0 |  68.0
       Dungeon | 100.0 | 100.0 |   N/A | 100.0 | 100.0 |  68.0
               +-------+-------+-------+-------+-------+----------------------

Table legend: (Time is in decaauts)
 A = Elapsed time spent in this place.
 B = Non-inter-level travel time spent in this place.
 C = Inter-level travel time spent in this place.
 D = Time resting spent in this place.
 E = Time spent auto-exploring this place.
 F = Levels seen in this place.
 G = Mean time per level.
                   A        B        C        D        E       F      G
               +--------+--------+--------+--------+--------+-----+--------+
         Total |   4387 |   4180 |    207 |   1582 |   1565 |   3 | 1462.3 |
       Dungeon |   4387 |   4180 |    207 |   1582 |   1565 |   3 | 1462.3 |
               +--------+--------+--------+--------+--------+-----+--------+

Top non-repeatable levels by time:
     D:2: 1556 daAuts
     D:1: 1548 daAuts
     D:3: 1282 daAuts
